 Dungeon Crawl Stone Soup version 0.27-a0-998-g4cfe56dd59 (webtiles) character file.

Game seed: 2942081061658010429

206 tilp the Sneak (level 5, -6/29 HPs)
             Began as a Vine Stalker Brigand on Apr 16, 2021.
             Killed by divine providence
             ... invoked by an orc priest
              (13 damage)
             ... on level 3 of the Dungeon.
             The game lasted 00:03:16 (2581 turns).

tilp the Sneak (Vine Stalker Brigand)               Turns: 2581, Time: 00:03:17

Health: -6/29      AC:  7    Str: 13    XL:     5   Next: 84%
Magic:  0/6        EV:  9    Int: 11    God:
Gold:   113        SH:  0    Dex: 17    Spells: 4/4 levels left

rFire    . . .     SeeInvis .   a - +2 dagger
rCold    . . .     Faith    .   (no shield)
rNeg     . . .     Spirit   +   q - +0 scale mail
rPois    +         Reflect  .   (no helmet)
rElec    .         Harm     .   c - +0 cloak
rCorr    .         Rampage  .   (no gloves)
Will     .....                  (no boots)
Stlth    ++........             (no amulet)
HPRegen  1.09/turn              k - ring of poison resistance
MPRegen  0.10/turn              (no ring)

@: no status effects
A: fangs 2, regeneration 1, magic shield, antimagic bite, no potion heal 2
a: no special abilities


You were on level 3 of the Dungeon.
You visited 1 branch of the dungeon, and saw 3 of its levels.

You collected 113 gold pieces.

Inventory:

Hand Weapons
 a - a +2 dagger (weapon)
Missiles
 d - 17 poisoned darts (quivered)
 e - 2 curare-tipped darts {!f}
Armour
 c - a +0 cloak (worn)
 q - a +0 scale mail (worn)
Jewellery
 k - a ring of poison resistance (left hand)
 n - a ring of fire
Scrolls
 b - a scroll of teleportation {unknown}
 f - a scroll of blinking {unknown}
 l - a scroll of vulnerability {unknown}
 m - a scroll of fear
 o - a scroll of silence {unknown}
 p - a scroll of identify {unknown}
Potions
 g - a potion of berserk rage {unknown}
 h - a potion of cancellation {unknown}
 i - a potion of attraction {unknown}
 j - 2 potions of brilliance {unknown}
 r - a potion of curing {unknown}


   Skills:
 + Level 3.9 Fighting
 + Level 3.9 Short Blades
 - Level 1.7 Throwing
 - Level 0.7 Dodging
 - Level 4.8 Stealth


You had 4 spell levels left.
You didn't know any spells.
Your spell library contained the following spells:

 Spells                   Type           Power      Damage    Failure   Level
 Animate Skeleton         Necr           0%         N/A       87%         1
 Pain                     Necr           0%         1d4       87%         1
 Vampiric Draining        Necr           0%         2d6       99%         3
 Animate Dead             Necr           0%         N/A       100%        4
 Agony                    Necr           0%         N/A       100%        5


Dungeon Overview and Level Annotations

Branches:
Dungeon (3/15)

Altars:
Dithmenos

Annotations:
D:3 3 runed translucent doors, sastreii's ghost, amateur VSFi


Innate Abilities, Weirdness & Mutations

You have extremely sharp teeth.
Your natural rate of healing is unusually fast.
When hurt, damage is shared between your health and your magic reserves.
Your bite disrupts and absorbs the magic of your enemies.
Potions cannot restore your health.


Message History

The orc priest calls down the wrath of Beogh upon you.
Beogh smites you! The orc priest barely misses you.
Items here: ))))) [[ ††.
You completely miss the orc priest.
The orc priest hits you but does no damage.
You hit the orc priest but do no damage.
Your bite misses the orc priest.
The orc priest hits you with a +0 hand axe.
You closely miss the orc priest. Your bite misses the orc priest.
The orc priest barely misses you.
You hit the orc priest but do no damage.
You hit the orc priest.
You bite the orc priest, but do no damage.
The orc priest is moderately wounded.
The orc priest hits you but does no damage.
You closely miss the orc priest. Your bite misses the orc priest.
The orc priest is moderately wounded.
The orc priest calls down the wrath of Beogh upon you.
Pain shoots through your body!
* * * LOW HITPOINT WARNING * * *
You barely miss the orc priest.
The orc priest is moderately wounded.
The orc priest hits you with a +0 hand axe.
* * * LOW HITPOINT WARNING * * *
You hit the orc priest but do no damage.
The orc priest is moderately wounded.
The orc priest invokes the aid of Beogh against you.
Pain shoots through your body!
* * * LOW HITPOINT WARNING * * *
You hit the orc priest but do no damage.
The orc priest is moderately wounded.
You hit the orc priest. Your bite misses the orc priest.
The orc priest is severely wounded.
The orc priest hits you but does no damage.
You hit the orc priest.
The orc priest is almost dead.
The orc priest invokes the aid of Beogh against you.
Beogh smites you!
You die...

#########.......#......##
#..........#.#.###.######
########..##.##.#..# #
#.###.###.#.######
#.###.# #.#.......
#.##..# #.........
#.##.## #..#######
#.########### # #@#
#.....#.# # #.o.#(...(#.#
# #...#..(..+.## #
....#(....+..#####
....#...♣.+.......
#....#.(...#.######
##...#.(..W#.......
.#..#######.###### #.##


You could see an orc priest.

Vanquished Creatures
  A scorpion (D:3)
  Jessica (D:3)
  An orc wizard (D:3)
  2 adders (D:3)
  A gnoll (D:2)
  6 orcs (D:3)
  6 endoplasms
  4 giant cockroaches
  4 hobgoblins
  6 jackals
  3 kobolds (D:1)
  3 quokkas
  4 ball pythons
  7 bats
  7 frilled lizards
  2 goblins
  3 rats
61 creatures vanquished.

Notes
Turn   | Place    | Note
-------+----------+-------------------------------------------
     0 | D:1      | tilp the Vine Stalker Brigand began the quest for the Orb.
     0 | D:1      | Reached XP level 1. HP: 11/11 MP: 2/2
   221 | D:1      | Reached XP level 2. HP: 15/15 MP: 3/3
   811 | D:1      | Reached XP level 3. HP: 19/19 MP: 4/4
  1208 | D:2      | Found a shadowy altar of Dithmenos.
  1283 | D:2      | Found a faded altar of an unknown god.
  2110 | D:3      | Gained mutation: Your natural rate of healing is unusually
                  | fast. [Vine Stalker growth]
  2110 | D:3      | Reached XP level 4. HP: 12/23 MP: 3/5
  2297 | D:3      | Noticed a scorpion
  2303 | D:3      | Noticed Jessica
  2311 | D:3      | Killed a scorpion
  2312 | D:3      | Reached XP level 5. HP: 22/28 MP: 2/6
  2325 | D:3      | Killed Jessica
  2461 | D:3      | Found a runed translucent gate.
  2461 | D:3      | Found a runed translucent gate.
  2463 | D:3      | Found a runed translucent gate.
  2465 | D:3      | Noticed sastreii's ghost (amateur VSFi)
  2581 | D:3      | Killed from afar by an orc priest

Illustrated notes

Levels and vault maps discovered:
D:1:      dpeg_arrival_simpleton_b, layout_basic, serial_bayou_lagoon_b
D:2:      layout_rooms, basic_altar, shapermc_ecumenical_altar_totnotflames,
          minmay_tetromino_s2
D:3:      layout_loops_ring, ebering_ghost_rock_garden, grunt_ministairs_5,
          small_statue_intersection, kennysheep_generic_room_3, uniq_jessica

Skill      XL: |  1  2  3  4 |
---------------+-------------+-----
Fighting       | 2 3 |  3.9
Short Blades   | 2 3 |  3.9
Throwing       | |  1.7
Dodging        | |  0.7
Stealth        | |  4.8

Action                   |  1- 3 |  4- 6 || total
-------------------------+-------+-------++-------
Melee: Dagger            |   128 |    98 ||   226
       Bite              |    35 |    27 ||    62
  Use: Scroll            |     1 |       ||     1
 Stab: Sleeping          |     7 |       ||     7
Armor: Robe              |    10 |       ||    10
       Leather armour    |     5 |       ||     5
       Ring mail         |    26 |     5 ||    31
       Scale mail        |       |    16 ||    16
Dodge: Dodged            |    60 |    33 ||    93

Table legend: (Time is in decaauts)
 A = Elapsed time spent in this place.
 B = Non-inter-level travel time spent in this place.
 C = Inter-level travel time spent in this place.
 D = Time resting spent in this place.
 E = Time spent auto-exploring this place.
 F = Levels seen in this place.
 G = Mean time per level.
                   A        B        C        D        E       F      G
               +--------+--------+--------+--------+--------+-----+--------+
         Total |   2565 |   2502 |     63 |    252 |   1821 |   3 |  855.0 |
       Dungeon |   2565 |   2502 |     63 |    252 |   1821 |   3 |  855.0 |
               +--------+--------+--------+--------+--------+-----+--------+

Top non-repeatable levels by time:
     D:1: 1174 daAuts
     D:2: 753 daAuts
     D:3: 637 daAuts
